cohdb
Replays
Latest Replays
All Replays
Popular Replays
Top Player Replays
Match Explorer
How It Works
Community
CoH3 Stats
Reddit
Sign in to upload your games and track your stats! →
Sign in with Steam
Match 41667059
Unlisted
Match 41667059
Overview
Messages
Build Orders
End
Panzergrenadier Squad
Selects Panzerjäger Kommand Battlegroup
Selects Mine Fields
250 Light Carrier
Construct Light Support Kompanie
Combat Half-tracks
Advanced Field Repairs
Panzerjäger Squad
Panzerjäger Squad
Fire Support Elements
Selects Tank Busters
Flakvierling Half-track
Vehicle Survival Package
Tungsten Core Ammunition
Panzerjäger Squad
Selects Early Warning
Panzerjäger Squad
Construct Panzerarmee Kommand
Forward Retreat Point
Rapid Advance
Emergency Repair Kits
Selects Crew Shock Tactics
Walking Stuka Rocket Launcher
Panzerpioneer Squad
Panzerjäger Squad
Panzerjäger Squad
為了帝皇
Beluga
ganxuezhao1
迷人的反派甜菜
Particycles
banksss33
Milliam
Tenal Jan
0
0
Comments
sign in to comment!
No comments posted yet!